 Dungeon Crawl Stone Soup version 0.31-a0-1225-g50297eb6a4 (webtiles) character file.

Game seed: 8888394667893264034

2793 Maratek the Skirmisher (level 9, -3/63 HPs)
             Began as a Gnoll Hunter on Dec 14, 2023.
             Was a Follower of Hepliaklqana.
             Slain by a large slime creature (26 damage)
             ... on level 7 of the Dungeon.
             The game lasted 00:09:29 (5877 turns).

Maratek the Skirmisher (Gnoll Hunter)               Turns: 5877, Time: 00:09:29

Health: -3/63      AC: 17    Str: 22    XL:     9   Next: 71%
Magic:  15/15      EV: 12    Int: 12    God:    Hepliaklqana [*.....]
Gold:   327        SH:  0    Dex: 22    Spells: 17/17 levels left

rFire   x . .        a - +0 shortbow
rCold   + . .        (shield currently unavailable)
rNeg    . . .        x - +2 chain mail "Nicet" {Regen+ Str+3}
rPois   .            e - +1 helmet
rElec   .            u - +2 cloak
rCorr   .            (no gloves)
SInv    .            (no boots)
Will    .....        (no amulet)
Stlth   ++           k - ring of Saof {Str+6 Dex+5}
HPRegen 1.10/turn    y - ring "Zoodek" {Ice Str+3 Stlth+}
MPRegen 0.14/turn

%: no passive effects
@: no status effects
A: reduced essence, fangs 1, strong nose, distributed training
a: Renounce Religion, Recall Ancestor, Ancestor Identity


You were on level 7 of the Dungeon.
You worshipped Hepliaklqana.
Hepliaklqana was aware of your devotion.
You visited 2 branches of the dungeon, and saw 8 of its levels.
You also visited: Ossuary.

You collected 327 gold pieces.

Inventory:

Hand Weapons
 a - a +0 shortbow (weapon)
Armour
 e - a +1 helmet (worn)
 u - a +2 cloak (worn)
 x - the +2 chain mail "Nicet" (worn) {Regen+ Str+3}
   (You found it on level 5 of the Dungeon)

   Str+3:     It affects your strength (+3).
   Regen+:    It increases your rate of health regeneration.
Jewellery
 g - a ring of see invisible
 k - the ring of Saof (left hand) {Str+6 Dex+5}
   (You found it on level 2 of the Dungeon)

   [ring of strength]

   Str+6:     It affects your strength (+6).
   Dex+5:     It affects your dexterity (+5).
 v - a ring of resist corrosion
 y - the ring "Zoodek" (right hand) {Ice Str+3 Stlth+}
   (You found it on level 5 of the Dungeon)

   [ring of ice]

   Ice:       It enhances your ice magic.
   Str+3:     It affects your strength (+3).
   rF-:       It makes you vulnerable to fire.
   rC+:       It protects you from cold.
   Stlth+:    It makes you more stealthy.
 B - a ring of positive energy
Wands
 n - a wand of paralysis (3)
Scrolls
 b - a scroll of butterflies
 c - a scroll of amnesia
 j - 2 scrolls of fog
 l - a scroll of immolation
 q - 3 scrolls of teleportation
 t - a scroll of torment
 w - 3 scrolls of blinking
 A - a scroll of identify
Potions
 d - 2 potions of haste
 f - 5 potions of might
 h - a potion of brilliance
 i - a potion of lignification {unknown}
 m - a potion of degeneration {unknown}
 o - 4 potions of invisibility {unknown}
 p - 2 potions of mutation {unknown}
 r - 6 potions of curing {unknown}
 s - a potion of magic {unknown}
 z - 2 potions of cancellation {unknown}


   Skills:
 + Level 6.5 Fighting
 + Level 4.6 Short Blades
 + Level 4.6 Long Blades
 + Level 4.6 Axes
 + Level 4.6 Maces & Flails
 + Level 4.6 Polearms
 + Level 4.6 Staves
 + Level 9.7 Ranged Weapons
 + Level 4.6 Throwing
 + Level 4.6 Armour
 + Level 6.5 Dodging
 + Level 5.2 Stealth
 + Level 4.6 Shields
 + Level 4.6 Unarmed Combat
 + Level 4.6 Spellcasting
 + Level 3.8 Conjurations
 + Level 3.8 Hexes
 + Level 3.8 Summonings
 + Level 3.8 Necromancy
 + Level 3.8 Translocations
 + Level 3.8 Transmutations
 + Level 3.8 Fire Magic
 + Level 3.8 Ice Magic
 + Level 3.8 Air Magic
 + Level 3.8 Earth Magic
 + Level 3.8 Poison Magic
 + Level 5.0 Invocations
 + Level 4.6 Evocations
 + Level 4.2 Shapeshifting


You had 17 spell levels left.
You didn't know any spells.
Your spell library contained the following spells:

 Spells                   Type           Power      Damage    Failure   Level
 Apportation              Tloc           22%        N/A       26%         1
 Necrotise                Necr           44%        1d6       26%         1
 Summon Small Mammal      Summ           44%        N/A       26%         1
 Cigotuvi's Dreadful Rot  Necr/Pois/Air  22%        N/A       38%         2
 Call Canine Familiar     Summ           11%        N/A       63%         3
 Hailstorm                Conj/Ice       17%        3d6       63%         3
 Sigil of Binding         Hex            11%        N/A       63%         3
 Dimensional Bullseye     Hex/Tloc       5%         N/A       95%         4
 Dispel Undead            Necr           11%        3d9       95%         4
 Leda's Liquefaction      Hex/Erth       5%         N/A       95%         4
 Summon Ice Beast         Ice/Summ       17%        N/A       95%         4
 Death Channel            Necr           5%         N/A       100%        6
 Simulacrum               Ice/Necr       8%         N/A       100%        6


Dungeon Overview and Level Annotations

Branches:
Dungeon (7/15)             Temple (1/1) D:5         Ossuary (visited)

Altars:
Ashenzari
Cheibriados
Dithmenos
Fedhas
Gozag
Hepliaklqana
Kikubaaqudgha
Nemelex Xobeh
Okawaru
Qazlal
Ru
Sif Muna
Trog
Vehumet
Wu Jian
Xom
Yredelemnul
Zin
The Shining One

Shops:
D:4 *   D:5 *

Annotations:
D:3 3 runed translucent doors, Flippered's ghost, amateur HOGl


Innate Abilities, Weirdness & Mutations

Your life essence is reduced to manifest your ancestor. (-10% HP)
You have very sharp teeth.
Your uncanny sense of smell can sniff out nearby items.
Your experience applies equally to all skills.


Message History

You shoot an arrow. The arrow hits the slime creature!
The slime creature is moderately wounded.
Two slime creatures merge to form a large slime creature.
You shoot an arrow.
The arrow hits the large slime creature.
The large slime creature is moderately wounded.
You shoot an arrow.
The arrow hits the large slime creature!
The large slime creature is moderately wounded.
A large slime creature splits.
You shoot an arrow. The arrow hits the slime creature.
The slime creature is moderately wounded.
The slime creature barely misses you.
Two slime creatures merge to form a large slime creature.
The slime creature hits you but does no damage.
You shoot an arrow. The arrow hits the slime creature!
The slime creature is heavily wounded.
The slime creature barely misses you.
The large slime creature hits you but does no damage.
You shoot an arrow. The arrow hits the slime creature.
The slime creature is heavily wounded.
The slime creature hits you. The large slime creature hits you!
You shoot an arrow. The arrow hits the slime creature!
The slime creature is heavily wounded.
The slime creature hits you.
The large slime creature barely misses you.
You shoot an arrow.
The arrow completely misses the slime creature.
The slime creature hits you!
The large slime creature closely misses you.
You shoot an arrow. The arrow hits the slime creature!
The slime creature is severely wounded.
The slime creature closely misses you.
The large slime creature completely misses you.
The slime creature hits you but does no damage.
You shoot an arrow.
The arrow barely misses the slime creature.
The large slime creature hits you! The slime creature hits you.
The large slime creature hits you!!
You die...

#.#.......##.......#
#.......#<.........#
#####.....).#......##
.......))...#........
######.#)...#######...
....#....### ... .
............# ....
#.....#.#)##.#####.....
#.###.#.#.##...@J......
## #..........#J......
#.....##...........
#.....##.#.#.......
........##.#.........
....#.####.#.........
....#. #.#......... ...
#. #.#......... #. ..
#.# [...


You could see a large slime creature and a slime creature.

Vanquished Creatures
  Pikel (D:6)
  A gargoyle (D:6)
  A shadow (D:6)
  A water moccasin (D:6)
  Duvessa (D:4)
  A sky beast (D:7)
  Blork the orc (D:4)
  A kobold brigand (D:5)
  A bullfrog (D:6)
  2 water moccasin zombies (Ossuary)
  3 scorpions
  Dowan (D:4)
  4 wights (D:7)
  A howler monkey (D:6)
  6 hounds
  An orc priest (D:6)
  A gnoll bouda (D:6)
  A jelly (D:5)
  2 iguanas
  A spectral scorpion (Ossuary)
  A sleepcap (D:4)
  Ijyb (D:4)
  2 crocodile zombies (Ossuary)
  2 mummies (Ossuary)
  Robin (D:3)
  8 adders
  3 gnolls (D:6)
  2 ufetubi (D:5)
  6 adder zombies (Ossuary)
  4 dart slugs
  19 orcs
  5 ball pythons
  6 endoplasms
  2 giant cockroaches (D:4)
  5 gnoll zombies (Ossuary)
  7 hobgoblins
  3 jackals (D:2)
  6 quokkas
  3 bats
  4 frilled lizards
  17 goblins
  10 hobgoblin zombies (Ossuary)
  9 kobolds
  4 kobold zombies (Ossuary)
  4 orc zombies (Ossuary)
  4 rats
170 creatures vanquished.

Vanquished Creatures (collateral kills)
  A wight (D:7)
  2 orc wizards (D:6)
  A shadow imp (D:6)
  An orc (D:6)
5 creatures vanquished.

Vanquished Creatures (others)
  An ancestor (D:7)
1 creature vanquished.

Grand Total: 176 creatures vanquished

Notes
Turn   | Place    | Note
-------+----------+-------------------------------------------
     0 | D:1      | Maratek the Gnoll Hunter began the quest for the Orb.
     0 | D:1      | Reached XP level 1. HP: 20/20 MP: 1/1
    92 | D:1      | Reached XP level 2. HP: 26/26 MP: 2/2
   975 | D:2      | Reached XP level 3. HP: 24/31 MP: 2/4
  1114 | D:2      | Found a blossoming altar of Fedhas.
  1120 | D:2      | Reached skill level 1 in Invocations
  1353 | D:2      | Reached skill level 1 in Short Blades
  1353 | D:2      | Reached skill level 1 in Long Blades
  1353 | D:2      | Reached skill level 1 in Axes
  1353 | D:2      | Reached skill level 1 in Maces & Flails
  1353 | D:2      | Reached skill level 1 in Polearms
  1353 | D:2      | Reached skill level 1 in Staves
  1353 | D:2      | Reached skill level 1 in Throwing
  1353 | D:2      | Reached skill level 1 in Armour
  1353 | D:2      | Reached skill level 1 in Shields
  1353 | D:2      | Reached skill level 1 in Unarmed Combat
  1353 | D:2      | Reached skill level 1 in Spellcasting
  1353 | D:2      | Reached skill level 1 in Evocations
  1469 | D:2      | Identified the ring of Saof {Str+6 Dex+5}
  1644 | D:3      | Reached XP level 4. HP: 38/38 MP: 5/5
  1651 | D:3      | Reached skill level 1 in Shapeshifting
  1685 | D:3      | Reached skill level 1 in Conjurations
  1685 | D:3      | Reached skill level 1 in Hexes
  1685 | D:3      | Reached skill level 1 in Summonings
  1685 | D:3      | Reached skill level 1 in Necromancy
  1685 | D:3      | Reached skill level 1 in Translocations
  1685 | D:3      | Reached skill level 1 in Transmutations
  1685 | D:3      | Reached skill level 1 in Fire Magic
  1685 | D:3      | Reached skill level 1 in Ice Magic
  1685 | D:3      | Reached skill level 1 in Air Magic
  1685 | D:3      | Reached skill level 1 in Earth Magic
  1685 | D:3      | Reached skill level 1 in Poison Magic
  1714 | D:3      | Found a shimmering altar of Xom.
  1766 | D:3      | Found an ancient bone altar of Kikubaaqudgha.
  1793 | D:3      | Found a runed translucent gate.
  1794 | D:3      | Found a runed translucent gate.
  1795 | D:3      | Found a runed translucent gate.
  1795 | D:3      | Noticed Flippered's ghost (amateur HOGl)
  1814 | D:3      | Noticed Robin
  1822 | D:3      | Killed Robin
  1967 | D:3      | Found a broken altar of Ashenzari.
  2006 | D:3      | Reached XP level 5. HP: 43/43 MP: 5/7
  2435 | D:4      | Noticed Ijyb
  2438 | D:4      | Paralysed by Ijyb for 3 turns
  2448 | D:4      | Killed Ijyb
  2490 | D:4      | Noticed Duvessa
  2494 | D:4      | Noticed Dowan
  2499 | D:4      | Killed Duvessa
  2500 | D:4      | Reached skill level 5 in Fighting
  2500 | D:4      | Reached skill level 5 in Dodging
  2500 | D:4      | Reached XP level 6. HP: 51/51 MP: 8/8
  2511 | D:4      | Killed Dowan
  2547 | D:4      | Found Zovohin's Assorted Antiques.
  2652 | D:4      | Found a sparkling altar of Nemelex Xobeh.
  2712 | D:4      | Found a sand-covered staircase.
  2716 | Ossuary  | Entered an ossuary
  2848 | Ossuary  | Reached XP level 7. HP: 56/56 MP: 10/10
  3500 | D:4      | Reached skill level 9 in Ranged Weapons
  3620 | D:4      | Noticed Blork the orc
  3628 | D:4      | Killed Blork the orc
  3798 | D:5      | Entered Level 5 of the Dungeon
  3806 | D:5      | Found Zin's Purification Station.
  3812 | D:5      | Found a glowing silver altar of Zin.
  3929 | D:5      | Found a staircase to the Ecumenical Temple.
  3940 | D:5      | Identified the +2 chain mail "Nicet" {Regen+ Str+3}
  3983 | Temple   | Entered the Ecumenical Temple
  4034 | Temple   | Became a worshipper of Hepliaklqana the Forgotten
  4073 | D:5      | Reached XP level 8. HP: 59/63 MP: 12/12
  4272 | D:5      | Identified the ring "Zoodek" {Ice Str+3 Stlth+}
  4402 | D:6      | Found a stormy altar of Qazlal.
  4688 | D:6      | Noticed a gargoyle
  4699 | D:6      | Killed a gargoyle
  4753 | D:6      | Noticed a shadow
  4781 | D:6      | Killed a shadow
  4782 | D:6      | Reached XP level 9. HP: 46/69 MP: 14/14
  5171 | D:6      | Noticed Pikel
  5183 | D:6      | Killed Pikel
  5279 | D:6      | Reached * piety under Hepliaklqana
  5407 | D:6      | Reached skill level 5 in Stealth
  5575 | D:6      | Found a glowing golden altar of the Shining One.
  5805 | D:7      | Reached skill level 5 in Invocations
  5877 | D:7      | Slain by a large slime creature

Illustrated notes

Levels and vault maps discovered:
D:1:      scummos_arrival_star, layout_basic
D:2:      layout_basic, basic_altar, minmay_crystal_room
D:3:      layout_rooms, nicolae_ashenzari_skybound, kiku_gazebo_pond_becter,
          lemuel_round_altar, ebering_ghost_rock_garden, serial_park_tiny_pond,
          uniq_robin
D:4:      layout_loops_ring, kennysheep_mini_moat, serial_shops, shop,
          lightli_ossuary_entry_decrepit_ruins, uniq_ijyb, uniq_duvessa,
          uniq_blork_the_orc
D:5:      layout_loops_cross, zin_purify, temple_pool_b
D:6:      minmay_thick_lines, layout_rooms, mainiacjoe_overflow_catwalk,
          lemuel_tele_altar, grunt_ministairs_15, uniq_pikel
D:7:      layout_basic, gammafunk_ghost_necromancy, minivault_27,
          minmay_strange_pillars, nicolae_shop_fire_sale
          [nicolae_sub_dead_trees]
Temple:   nicolae_temple_slightly_damp_pantheon

Skill      XL: |  1  2  3  4  5  6  7  8  9 |
---------------+----------------------------+-----
Invocations    | 1 2 3 4 5 |  5.0
Short Blades   | 1 2 3 4 |  4.6
Long Blades    | 1 2 3 4 |  4.6
Axes           | 1 2 3 4 |  4.6
Maces & Flails | 1 2 3 4 |  4.6
Polearms       | 1 2 3 4 |  4.6
Staves         | 1 2 3 4 |  4.6
Throwing       | 1 2 3 4 |  4.6
Armour         | 1 2 3 4 |  4.6
Shields        | 1 2 3 4 |  4.6
Unarmed Combat | 1 2 3 4 |  4.6
Spellcasting   | 1 2 3 4 |  4.6
Evocations     | 1 2 3 4 |  4.6
Shapeshifting  | 1 2 3 4 |  4.2
Conjurations   | 1 2 3 |  3.8
Hexes          | 1 2 3 |  3.8
Summonings     | 1 2 3 |  3.8
Necromancy     | 1 2 3 |  3.8
Translocations | 1 2 3 |  3.8
Transmutations | 1 2 3 |  3.8
Fire Magic     | 1 2 3 |  3.8
Ice Magic      | 1 2 3 |  3.8
Air Magic      | 1 2 3 |  3.8
Earth Magic    | 1 2 3 |  3.8
Poison Magic   | 1 2 3 |  3.8
Fighting       | 5 6 |  6.5
Dodging        | 5 6 |  6.5
Stealth        | 3 4 5 |  5.2
Ranged Weapons | 9 |  9.7

Action                     |  1- 3 |  4- 6 |  7- 9 || total
---------------------------+-------+-------+-------++-------
   Fire: Shortbow          |    83 |   228 |   405 ||   716
    Use: Scroll            |     5 |     4 |     5 ||    14
         Potion            |       |       |     1 ||     1
 Armour: Leather armour    |     7 |    49 |    36 ||    92
         Chain mail        |       |       |   131 ||   131
  Dodge: Dodged            |     9 |    84 |   144 ||   237

Table legend: (Time is in decaauts)
 A = Elapsed time spent in this place.
 B = Non-inter-level travel time spent in this place.
 C = Inter-level travel time spent in this place.
 D = Time resting spent in this place.
 E = Time spent auto-exploring this place.
 F = Levels seen in this place.
 G = Mean time per level.
                   A        B        C        D        E       F      G
               +--------+--------+--------+--------+--------+-----+--------+
         Total |   5917 |   5601 |    316 |    401 |   4021 |   9 |  657.4 |
       Dungeon |   5373 |   5120 |    253 |    372 |   3738 |   7 |  767.6 |
        Temple |     65 |      2 |     63 |      0 |      0 |   1 |   65.0 |
       Ossuary |    478 |    478 |      0 |     29 |    283 |   1 |  478.0 |
               +--------+--------+--------+--------+--------+-----+--------+

Top non-repeatable levels by time:
     D:6: 1352 daAuts
     D:4: 1072 daAuts
     D:1: 870 daAuts
     D:2: 744 daAuts
     D:3: 611 daAuts
     D:5: 547 daAuts
 Ossuary: 478 daAuts
     D:7: 173 daAuts
  Temple: 65 daAuts
